Map: New Repugnancy LE

Players

Bistork

  • Race: Protoss Protoss
  • Spawn Location: 1:00

Hellraiser - Winner!

  • Race: Protoss Protoss
  • Spawn Location: 7:00

Event: 2019 WCS Summer

VOD

Have the link to the VOD?

Description

Time

  • Played on: July 12, 2019, 1:23 p.m.
  • Length: 6:12

All games in this series

Show
View Real Time Build Order
Export as new Build Order

Bistork Protoss 

Build Orders:  

Get SALT Encoding   

  12  0:00  Probe  
  13  0:13  Probe  
  14  0:17  Pylon  
  14  0:25  Probe  
  15  0:34  Probe  
  15  0:36  Gateway  
  15  0:42  Probe  
  16  0:47  Assimilator  
  17  0:52  Probe  
  17  0:55  Assimilator  
  18  1:00  Probe  
  18  1:08  Gateway  
  18  1:09  Probe  
  20  1:19  Probe  
  20  1:25  Cybernetics Core  
  21  1:31  Probe  
  22  1:38  Pylon  
  22  1:43  Probe  
  23  1:56  Probe  
  24  2:01  Adept x2  
  24  2:02  Warp Gate  
  28  2:14  Pylon  
  28  2:24  Robotics Facility  
  28  2:30  Pylon  
  28  2:38  Stalker  
  28  2:41  Stalker  
  29  3:08  Sentry  
  29  3:09  Shield Battery  
  29  3:12  Sentry  
  33  3:14  Immortal  
  33  3:26  Gateway  
  37  3:35  Shield Battery  
  37  3:43  Gateway  
  37  3:44  Warp Prism  
  37  3:47  Pylon  
  39  4:00  Pylon  
  38  4:15  Stalker  
  38  4:17  Stalker, Observer  
  41  4:43  Sentry  
  41  4:44  Stalker  
  41  4:45  Stalker  
  47  5:01  Stalker  
  47  5:04  Pylon  
  49  5:16  Adept x3  
  49  5:38  Stalker x3  
  45  5:45  Adept  
  37  6:06  Adept x3  
Show
View Real Time Build Order
Export as new Build Order

Hellraiser Protoss - Winner!

Build Orders: Oracle Opening 

Get SALT Encoding   

  12  0:00  Probe  
  13  0:12  Probe  
  14  0:18  Pylon  
  14  0:22  Probe  
  15  0:32  Probe  
  15  0:38  Gateway  
  15  0:41  Probe  
  16  0:49  Assimilator  
  17  0:53  Probe  
  18  0:57  Assimilator  
  18  1:06  Probe  
  19  1:16  Probe  
  20  1:19  Gateway  
  20  1:24  Probe  
  20  1:25  Cybernetics Core  
  20  1:32  Probe  
  22  1:40  Pylon  
  22  1:44  Probe  
  23  1:58  Probe  
  24  2:02  Adept, Warp Gate  
  24  2:06  Adept  
  28  2:10  Probe  
  29  2:16  Pylon  
  29  2:32  Stalker, Stargate  
  31  2:39  Stalker  
  31  2:43  Probe  
  32  3:02  Stalker  
  34  3:06  Oracle, Pylon  
  34  3:12  Probe  
  36  3:32  Robotics Facility  
  36  3:41  Nexus  
  36  3:49  Probe  
  36  3:55  Sentry, Shield Battery  
  39  4:01  Probe  
  40  4:08  Immortal  
  40  4:10  Stalker  
  40  4:15  Probe  
  47  4:30  Shield Battery  
  47  4:32  Shield Battery  
  47  4:43  Immortal  
  47  4:47  Pylon  
  48  5:00  Sentry  
  48  5:04  Adept  
  52  5:13  Warp Prism  
  51  5:24  Pylon  
  51  5:27  Adept  
  51  5:28  Adept  
  37  5:50  Adept x2  
Tags
 
Add a new tag
Caveats
  • Supply blocks, unpowered buildings, or Contaminate may cause inaccurate times.
  • Supply counts are checked every 10 seconds.